 Dungeon Crawl Stone Soup version 0.24-a0-586-g8e0e932 (webtiles) character file.

Game seed: 10004321813580796141, levelgen mode: deterministic

9 Gashadokuro the Caller (level 2, -1/19 HPs)
             Began as a Merfolk Summoner on Sept 7, 2019.
             Slain by a gnoll
             ... wielding a +0 club
              (5 damage)
             ... on level 2 of the Dungeon.
             The game lasted 00:03:20 (371 turns).

Gashadokuro the Caller (Merfolk Summoner)            Turns: 371, Time: 00:03:21

Health: -1/19      AC:  2    Str:  8    XL:     2   Next: 12%
Magic:  5/5        EV: 13    Int: 14    God:
Gold:   38         SH:  0    Dex: 14    Spells: 4/5 levels left

rFire    . . .     SeeInvis .   d - +4 hand axe (chop)
rCold    . . .     Gourm    .   (no shield)
rNeg     . . .     Faith    .   a - +0 robe
rPois    .         Spirit   .   (no helmet)
rElec    .         Reflect  .   (no cloak)
rCorr    .         Harm     .   (no gloves)
MR       .....                  (no boots)
Stlth    +++.......             (no amulet)
HPRegen  0.06/turn              b - ring of stealth
MPRegen  0.09/turn              (no ring)

@: no status effects
A: change form in water, swift swim, stealthy swim
a: no special abilities


You were on level 2 of the Dungeon.
You were not hungry.

You visited 1 branch of the dungeon, and saw 2 of its levels.

You collected 38 gold pieces.

Inventory:

Hand Weapons
 d - a +4 hand axe of chopping (weapon)
 h - a +0 mace
 i - a +0 hand axe
 j - a +0 short sword
 k - a +0 hand axe
 l - a +0 club
 m - a +0 dagger
Missiles
 g - 22 arrows (quivered)
Armour
 a - a +0 robe (worn)
Jewellery
 b - a ring of stealth (left hand)
Scrolls
 e - 3 scrolls of teleportation {unknown}
 f - 2 scrolls of identify {unknown}
Comestibles
 c - 3 rations
 n - a chunk of flesh


   Skills:
 + Level 2.7 Dodging
 + Level 2.3 Stealth
 + Level 2.0 Spellcasting
 + Level 4.3 Summonings


You had 4 spell levels left.
You knew the following spells:

 Your Spells              Type           Power        Failure   Level  Hunger
a - Summon Small Mammal   Summ           ##..         4%          1    ##.....

Your spell library contained the following spells:

 Spells                   Type           Power        Failure   Level  Hunger
 Call Imp                 Summ           ##......     6%          2    ###....
 Call Canine Familiar     Summ           ##......     12%         3    ####...
 Summon Guardian Golem    Hex/Summ       #.......     28%         3    ####...
 Summon Ice Beast         Ice/Summ       #.......     67%         4    #####..
 Summon Lightning Spire   Summ/Air       #.......     67%         4    #####..


Dungeon Overview and Level Annotations

Branches:
Dungeon (2/15)

Altars:


Message History

Okay, then.
You see here a rat skeleton.
Sorry, you're not good enough to have a special ability.
A gnoll comes into view. It is wielding a -1 whip.
The gnoll moves out of view.
A gnoll comes into view. It is wielding a +0 club.
The gnoll shouts!
You hear a shout!
The gnoll closely misses you.
You hit the gnoll.
The gnoll is moderately wounded.
A hobgoblin comes into view. It is wielding a +0 club.
You barely miss the gnoll. You closely miss the gnoll.
The gnoll barely misses you.
The gnoll hits you with a cursed -1 whip.
You slash the gnoll!
The gnoll is severely wounded.
You hit the gnoll. The gnoll hits you with a +0 club.
* * * LOW HITPOINT WARNING * * *
The gnoll barely misses you. The gnoll hits you with a +0 club.
You die...

#.##.##########.##.##.#
.....# ###.......#
....## #.......###
#.#.# #.####..# #.#.# #
###..# ..#.# #....#
###.# # #.##.# ###.#
#.##.##.# ....#
#.gg@...# #####
####g#### #.# #.# #.#
#.# ..# ###


You could see 2 gnolls and a hobgoblin.

Vanquished Creatures
  An ooze (D:1)
  A hobgoblin (D:2)
  A goblin (D:2)
  A kobold (D:1)
  2 rats (D:2)
6 creatures vanquished.

Notes
Turn   | Place    | Note
-------+----------+-------------------------------------------
     0 | D:1      | Gashadokuro the Merfolk Summoner began the quest for the
                  | Orb.
     0 | D:1      | Reached XP level 1. HP: 13/13 MP: 3/3
   312 | D:2      | Reached XP level 2. HP: 19/19 MP: 5/5
   371 | D:2      | Slain by a gnoll

Levels and vault maps discovered:
D:1:      matt_arrival_spirals, layout_loops_ring
D:2:      layout_loops_cross, uniq_jessica

Action                   || total
-------------------------++-------
Melee: Hand axe          ||    15
 Cast: Summon Small Mamm ||     1
Armor: Robe              ||     1
Dodge: Dodged            ||     7

Table legend:
 A = Non-vault XP
 B = Vault XP
 C = Vault XP percentage of total XP
 D = Non-vault monster count
 E = Vault monster count
 F = Vault count percentage of total count
                 A         B        C        D         E       F
            +---------+---------+-------+---------+---------+-------
      Total |      13 |       0 |   0.0 |       6 |       0 |   0.0
            +---------+---------+-------+---------+---------+-------
        D:1 |       8 |       0 |   0.0 |       2 |       0 |   0.0
        D:2 |       5 |       0 |   0.0 |       4 |       0 |   0.0
            +---------+---------+-------+---------+---------+-------
